 Dungeon Crawl Stone Soup version 0.20-a0-522-g0b37eee (webtiles) character file.

335 nono the Ducker (level 6, 0/43 HPs)
             Began as a Halfling Monk on Jan 25, 2017.
             Slain by a centaur zombie (4 damage)
             ... on level 5 of the Dungeon.
             The game lasted 00:12:42 (4279 turns).

nono the Ducker (Halfling Monk)                     Turns: 4279, Time: 00:12:43

Health: 0/43       AC: 11    Str: 14    XL:     6   Next: 84%
Magic:  6/6        EV: 14    Int:  8    God:
Gold:   237        SH:  0    Dex: 17    Spells: 5/5 levels left

rFire    . . .     SeeInvis .   a - +0 falchion
rCold    . . .     Gourm    .   q - +1 scale mail
rNeg     . . .     Faith    .   (shield restricted)
rPois    .         Spirit   .   (no helmet)
rElec    .         Reflect  .   (no cloak)
rCorr    .         Harm     .   (no gloves)
MR       .....                  l - +2 pair of boots
Stlth    +.........             (no amulet)
Regen    0.2/turn               (no ring)
                                (no ring)

@: no status effects
A: mutation resistance 1
a: no special abilities


You were on level 5 of the Dungeon.
You were hungry.

You visited 1 branch of the dungeon, and saw 5 of its levels.

You collected 237 gold pieces.

Inventory:

Hand Weapons
 a - a +0 falchion (weapon)
Missiles
 i - 42 sling bullets
 t - 33 stones (quivered)
Armour
 l - a +2 pair of boots (worn)
 q - a +1 scale mail (worn)
Scrolls
 b - a scroll of fog {unknown}
 e - a scroll of noise {unknown}
 g - 2 scrolls of enchant armour
 j - 3 scrolls of teleportation {unknown}
 k - a scroll of fear {unknown}
 n - 2 scrolls of remove curse
 o - a scroll of random uselessness {unknown}
 r - a scroll of blinking {unknown}
 s - 3 scrolls of identify {unknown}
 v - 2 scrolls of magic mapping {unknown}
 w - a scroll of enchant weapon {unknown}
Potions
 d - 2 potions of invisibility {unknown}
 f - 4 potions of curing {unknown}
 h - a potion of haste {unknown}
 m - a potion of magic {unknown}
 z - a potion of mutation {unknown}
Comestibles
 c - 5 bread rations
 p - 2 fruits
 u - 2 meat rations


   Skills:
 + Level 3.6 Fighting
 + Level 4.2 Long Blades
 * Level 3.4 Armour
 * Level 5.1 Dodging
 - Level 2.1 Stealth


You had 5 spell levels left.
You didn't know any spells.

Dungeon Overview and Level Annotations

Branches:
Dungeon (5/15)
 Temple: D:4-7

Altars:

Shops:
D:5 [

Annotations:
D:2 1 runed door, Sigmund
D:5 Edmund, Eustachio


Innate Abilities, Weirdness & Mutations

You are small and have problems with some larger weapons.
You are somewhat resistant to further mutation.


Message History

The centaur zombie hits you.
* * * LOW HITPOINT WARNING * * *
The centaur zombie misses you.
You riposte.
You hit the centaur zombie.
The centaur zombie is lightly damaged.
There is an open door here.
The gnoll completely misses you.
The gnoll hits you from afar with a spear.
* * * LOW HITPOINT WARNING * * *
The sky beast flickers out of sight!
Deactivating autopickup; reactivate with Ctrl-A.
The bullfrog zombie closely misses you.
The bullfrog zombie completely misses you.
You riposte.
You hit the bullfrog zombie.
The bullfrog zombie is severely damaged.
An adder comes into view.
The adder hisses angrily.
Found a tapered wooden wand.
There is a stone staircase leading down here.
The bullfrog zombie closely misses you. The centaur zombie hits you.
You die...

..# #...........#...#
.#######...........##.##
.###..#......##########
.#....'......'....>.#
.'....#......#......#
###ยง###....gg###########
.##.#....####........./.
.#..+...g'..#..Z........
.#..#...g#..#..Z@.S.....
.####.......#...........
......############......
......# ...... ......#
..... ......# .....
####### ####


You could see 2 gnolls, an adder, a bullfrog zombie and a centaur zombie.

Vanquished Creatures
  A scorpion (D:5)
  A hound (D:4)
  A centaur skeleton (D:4)
  An orc priest (D:5)
  An orc wizard (D:4)
  Jessica (D:2)
  7 adders
  2 worms
  A dart slug (D:1)
  3 leopard geckos
  11 orcs
  3 giant cockroaches
  2 goblins
  6 hobgoblins
  A quokka (D:4)
  6 bats
  2 frilled lizards
  A jackal skeleton (D:4)
  5 kobolds
  A quokka skeleton (D:4)
  15 rats
72 creatures vanquished.

Notes
Turn   | Place    | Note
-------+----------+-------------------------------------------
     0 | D:1      | nono the Halfling Monk began the quest for the Orb.
     0 | D:1      | Reached XP level 1. HP: 15/15 MP: 1/1
   190 | D:1      | Reached XP level 2. HP: 19/20 MP: 2/2
   313 | D:1      | You fall through a shaft!
   680 | D:2      | Noticed Sigmund
   786 | D:2      | Reached skill level 1 in Armour
   786 | D:2      | Reached XP level 3. HP: 24/25 MP: 3/3
   913 | D:2      | Found a runed door.
  1018 | D:2      | Noticed Jessica
  1025 | D:2      | Killed Jessica
  1025 | D:2      | Reached skill level 4 in Dodging
  1025 | D:2      | Reached XP level 4. HP: 30/30 MP: 4/4
  1606 | D:3      | Reached XP level 5. HP: 34/36 MP: 5/5
  2371 | D:4      | Noticed an ogre
  3152 | D:4      | Reached XP level 6. HP: 29/42 MP: 6/6
  3438 | D:5      | Entered Level 5 of the Dungeon
  3455 | D:5      | Noticed Eustachio
  3741 | D:5      | Reached skill level 5 in Dodging
  4049 | D:5      | Noticed Edmund
  4156 | D:5      | Noticed a sky beast
  4229 | D:5      | Found Poipnunk's Antique Armour Boutique.
  4279 | D:5      | Slain by a centaur zombie

Vault maps used:
D:1:      dpeg_arrival_ratfight
D:2:      uniq_crazy_yiuf_cottage, uniq_sigmund, uniq_jessica
D:5:      serial_shops, shop, first_bread, uniq_edmund, uniq_eustachio

Skill      XL: |  1  2  3  4  5  6 |
---------------+-------------------+-----
Armour         | 1 2 3 |  3.4
Dodging        | 4 5 |  5.1
Fighting       | 3 |  3.6
Long Blades    | 4 |  4.2
Stealth        | |  2.1

Action                   |  1- 3 |  4- 6 || total
-------------------------+-------+-------++-------
Melee: Falchion          |    84 |   268 ||   352
Throw: Stone             |       |     2 ||     2
  Use: Scroll            |       |     2 ||     2
 Stab: Sleeping          |     1 |     1 ||     2
  Eat: Chunk             |       |     9 ||     9
       Fruit             |       |     2 ||     2
Armor: Ring mail         |    34 |    19 ||    53
       Scale mail        |       |    83 ||    83
Dodge: Dodged            |    61 |   222 ||   283
       Rpst.: Falchion   |    23 |    68 ||    91
